 Dungeon Crawl Stone Soup version 0.17.0-23-g0de4337 (webtiles) character file.

6579 Arkorax the Nimble (level 10, -8/83 HPs)
             Began as a White Draconian Monk on Nov 14, 2015.
             Mangled by a komodo dragon (23 damage)
             ... on level 1 of the Lair of Beasts.
             The game lasted 00:23:04 (10289 turns).

Arkorax the Nimble (White Draconian Monk)          Turns: 10289, Time: 00:23:04

Health: -8/83      AC: 13    Str: 15    XL:     10   Next: 71%
Magic:  28/31      EV: 19    Int: 11    God:
Gold:   463        SH:  0    Dex: 18    Spells: 1 memorised, 24 levels left

rFire  . . .     SeeInvis .     e - +2 short sword (speed)
rCold  + . .     Clarity  .     (armour unavailable)
rNeg   + . .     SustAt   .     (no shield)
rPois  .         Gourm    .     L - +2 hat
rElec  +         Spirit   .     (no cloak)
rCorr  .         Warding  .     A - +2 pair of gloves
rMut   .         Stasis   .     m - +0 pair of boots
MR     .....                    Y - amulet of regeneration
Stlth  +++.......               f - ring of magical power
                                T - ring "Ruaschuer" {rElec rN+ Dex+3 Slay+2 Stlth+}

@: short of breath, not resistant to hostile enchantments, fairly stealthy
A: breathe frost, unfitting armour, cold resistance 1, cold-blooded, AC +7
a: Breathe Frost


You were on level 1 of the Lair of Beasts.
You were not hungry.

You visited 2 branches of the dungeon, and saw 11 of its levels.

You collected 611 gold pieces.
You spent 148 gold pieces at shops.

Inventory:

Hand Weapons
 e - a +2 short sword of speed (weapon)
 o - a +0 great mace
 P - a +4 quarterstaff
 U - a +0 blowgun
Missiles
 q - 6 silver javelins (quivered)
 V - 21 poisoned needles
Armour
 m - a +0 pair of boots (worn)
 A - a +2 pair of gloves (worn)
 L - a +2 hat (worn)
Jewellery
 f - a ring of magical power (right hand)
 x - a +3 ring of strength
 S - an uncursed amulet of resist corrosion
 T - the ring "Ruaschuer" (left hand) {rElec rN+ Dex+3 Slay+2 Stlth+}
   (You found it on level 8 of the Dungeon)

   [ring of positive energy]

   It affects your dexterity (+3).
   It affects your accuracy and damage with ranged weapons and melee attacks
   (+2).
   It insulates you from electricity.
   It protects you from negative energy.
   It makes you more stealthy.
 Y - an amulet of regeneration (around neck)
Wands
 a - a wand of cold (0)
 b - a wand of frost (32)
 c - a wand of enslavement (13)
 y - a wand of confusion (29)
 C - a wand of random effects (11)
Scrolls
 g - 4 scrolls of teleportation
 h - 3 scrolls of noise
 i - 5 scrolls of identify
 n - 6 scrolls of remove curse
 p - 3 scrolls of amnesia {unknown}
 s - 2 scrolls of enchant armour {unknown}
 u - 2 scrolls of blinking
 z - 2 scrolls of magic mapping {unknown}
 B - 2 scrolls of random uselessness {unknown}
 D - 4 scrolls of immolation {unknown}
 E - 2 scrolls of enchant weapon {unknown}
 H - 3 scrolls of recharging {unknown}
 K - 2 scrolls of fog
Potions
 l - a potion of cancellation
 r - a potion of berserk rage
 v - 2 potions of might
 w - a potion of curing
 I - a potion of brilliance
 M - a potion of degeneration {unknown}
 Q - a potion of heal wounds {unknown}
 R - a potion of invisibility {unknown}
 W - a potion of flight {unknown}
Books
 j - a book of Enchantments

   Spells                             Type                      Level
   a - Cause Fear                     Hexes                        4
   b - Silence                        Hexes/Air                    5
   c - Deflect Missiles               Charms/Air                   6
   d - Haste                          Charms                       6
   e - Discord                        Hexes                        8
 N - a book of Dreams

   Spells                             Type                      Level
   a - Ensorcelled Hibernation        Hexes/Ice                    2
   b - Phase Shift                    Translocation                5
   c - Shadow Creatures               Summoning                    5
   d - Silence                        Hexes/Air                    5
   e - Darkness                       Hexes                        6
   f - Mass Confusion                 Hexes                        6
Miscellaneous
 t - a disc of storms
Comestibles
 d - a slice of pizza
 k - 4 fruits
 F - 7 beef jerkies
 G - 2 meat rations
 J - 8 bread rations
 X - a royal jelly


   Skills:
 - Level 6.0 Fighting
 - Level 2.1(4.9) Maces & Flails
 - Level 7.1(7.2) Staves
 - Level 9.4 Dodging
 - Level 1.7 Stealth
 - Level 4.0 Unarmed Combat
 * Level 8.7 Spellcasting
 * Level 1.3 Ice Magic
 - Level 1.2 Evocations


You had 24 spell levels left.
You knew the following spells:

 Your Spells              Type           Power        Failure   Level  Hunger
a - Ensorcelled Hibernat  Hex/Ice        #.....       21%         2    #......


Dungeon Overview and Level Annotations

Branches:
Dungeon (10/15)              Lair (1/8) D:8
 Temple: D:4-7          Orc: D:9-12

Altars:
Ashenzari
Gozag
Trog
Zin
The Shining One

Shops:
D:4 ?

Annotations:
D:4 exclusion: oklob sapling, Sigmund; Welfe's ghost, amateur MfGl


Innate Abilities, Weirdness & Mutations

You can breathe waves of freezing cold.
You can buffet flying creatures when you breathe cold.
Your icy white scales are hard (AC +7).
Your body does not fit into most forms of armour.
Your flesh is cold resistant.
You are cold-blooded and may be slowed by cold attacks.


Message History

You hit the komodo dragon but do no damage.
The komodo dragon is almost dead.
You hit the komodo dragon.
The komodo dragon is almost dead.
The komodo dragon bites you!!
* * * LOW HITPOINT WARNING * * *
The iguana misses you.
You hit the komodo dragon.
The komodo dragon is almost dead.
The komodo dragon misses you.
The iguana bites you but does no damage.
You hit the komodo dragon.
The komodo dragon is almost dead.
The komodo dragon bites you!
* * * LOW HITPOINT WARNING * * *
The iguana closely misses you.
You hit the komodo dragon but do no damage.
The komodo dragon is almost dead.
The komodo dragon bites you!!
You die...

#.....## # #.....#
# ##....# # #
#....# .# #
##....### ..#
#.......#####...#
##...............#
#.>....#.l......#
#....#..##.@l|.##
..## #...#######
##...# .### #
##..## ..#.###
#...# .......
#P..## ###....
##.).# ###......
##..#####
#........
##P....P#
##........


You could see a komodo dragon and an iguana.

Vanquished Creatures
  A hill giant (D:9)
  A spiny frog (Lair:1)
  2 komodo dragons
  A troll (D:10)
  A yak (Lair:1)
  2 hippogriffs
  5 porcupines (Lair:1)
  A hungry ghost (D:9)
  2 water moccasins (Lair:1)
  2 sky beasts
  2 black bears (D:10)
  A phantom (D:8)
  An ice beast (D:7)
  4 centaurs
  5 ogres
  2 eyes of draining
  2 big kobolds
  7 giant frogs
  A wyvern skeleton (D:6)
  A scorpion (D:7)
  3 wights (D:8)
  4 killer bees (D:8)
  2 crimson imps
  2 giant frog zombies
  5 hounds
  3 centaur skeletons
  5 orc priests
  7 orc wizards
  2 iguanas
  Natasha (D:4)
  4 worker ants
  A killer bee zombie (D:10)
  A hound skeleton (D:6)
  2 gnolls (D:5)
  7 adders
  8 river rats (Lair:1)
  3 shadow imps
  2 oozes (D:1)
  2 adder zombies
  2 adder skeletons
  A worm (D:6)
  7 giant geckos
  22 orcs
  7 giant cockroaches
  9 goblins
  15 hobgoblins
  3 quokkas
  A ball python (D:2)
  7 bats
  4 giant newts
  16 kobolds
  10 rats
212 creatures vanquished.

Vanquished Creatures (others)
  2 fungi (Lair:1)
2 creatures vanquished.

Grand Total: 214 creatures vanquished

Notes
Turn   | Place    | Note
--------------------------------------------------------------
     0 | D:1      | Arkorax the Draconian Monk began the quest for the Orb.
     0 | D:1      | Reached XP level 1. HP: 19/19 MP: 1/1
    68 | D:1      | Reached XP level 2. HP: 6/26 MP: 2/2
   742 | D:1      | Reached XP level 3. HP: 27/31 MP: 3/3
  1446 | D:2      | Reached XP level 4. HP: 40/40 MP: 4/4
  2406 | D:4      | Noticed Welfe's ghost (amateur MfGl)
  2773 | D:4      | Reached XP level 5. HP: 45/47 MP: 5/5
  2984 | D:4      | Noticed a sky beast
  3012 | D:4      | Noticed Sigmund
  3094 | D:4      | Noticed Natasha
  3095 | D:4      | Found Jaehirot's Magic Scroll Boutique.
  3099 | D:4      | Bought a scroll of teleportation for 33 gold pieces
  3099 | D:4      | Bought a scroll of teleportation for 33 gold pieces
  3099 | D:4      | Bought a scroll of blinking for 82 gold pieces
  3118 | D:4      | Killed Natasha
  3118 | D:4      | Reached skill level 5 in Dodging
  3154 | D:4      | Killed a sky beast
  3154 | D:4      | Reached skill level 5 in Fighting
  3154 | D:4      | Reached skill level 1 in Maces & Flails
  3154 | D:4      | Reached XP level 6. HP: 16/56 MP: 6/6
  3430 | D:4      | Noticed an ogre
  3450 | D:4      | Killed an ogre
  3521 | D:5      | Entered Level 5 of the Dungeon
  3547 | D:5      | Found a bloodstained altar of Trog.
  3787 | D:5      | Your scales start taking on an icy white colour.
  3787 | D:5      | Gained mutation: Your flesh is cold resistant. [White Draconian growth]
  3787 | D:5      | Reached XP level 7. HP: 57/61 MP: 7/7
  4076 | D:5      | Reached skill level 6 in Dodging
  4763 | D:6      | Reached skill level 1 in Spellcasting
  4944 | D:6      | Reached skill level 7 in Dodging
  5352 | D:7      | Found a glowing silver altar of Zin.
  5352 | D:7      | Found an opulent altar of Gozag.
  5402 | D:7      | Found a glowing golden altar of the Shining One.
  5453 | D:7      | Reached XP level 8. HP: 64/70 MP: 10/10
  5814 | D:7      | Reached skill level 8 in Dodging
  5953 | D:7      | You fall through a shaft for 2 floors!
  6236 | D:8      | Reached skill level 1 in Staves
  6268 | D:8      | Reached skill level 9 in Dodging
  6600 | D:8      | Reached XP level 9. HP: 40/75 MP: 14/14
  7351 | D:8      | Found a staircase to the Lair.
  7387 | D:8      | Got a steaming jade ring
  7389 | D:8      | Identified the ring "Ruaschuer" {rElec rN+ Dex+3 Slay+2 Stlth+} (You found it on level 8 of the Dungeon)
  8005 | D:9      | Noticed a hill giant
  8052 | D:9      | Killed a hill giant
  8052 | D:9      | Reached skill level 5 in Staves
  8061 | D:9      | Noticed a komodo dragon
  8332 | D:9      | Reached skill level 1 in Evocations
  8425 | D:9      | Reached skill level 5 in Spellcasting
  8455 | D:9      | Killed a komodo dragon
  8456 | D:9      | Found a shattered altar of Ashenzari.
  8620 | D:10     | Entered Level 10 of the Dungeon
  8626 | D:10     | Reached XP level 10. HP: 80/83 MP: 17/17
  9168 | D:10     | Noticed a centaur skeleton
  9177 | D:10     | Killed a centaur skeleton
  9496 | Lair:1   | Entered Level 1 of the Lair of Beasts
  9882 | Lair:1   | Learned a level 2 spell: Ensorcelled Hibernation
  9972 | Lair:1   | Reached skill level 1 in Ice Magic
 10051 | Lair:1   | Noticed a seven-headed hydra
 10289 | Lair:1   | Mangled by a komodo dragon

Action                   |  1- 3 |  4- 6 |  7- 9 | 10-12 || total
-------------------------+-------+-------+-------+-------++-------
Melee: Short sword       |   130 |   219 |   192 |    27 ||   568
       Dagger            |    19 |       |       |       ||    19
       Quarterstaff      |       |       |   221 |   153 ||   374
 Cast: Ensorcelled Hiber |       |       |       |     9 ||     9
 Abil: Breathe Frost     |       |       |    14 |     2 ||    16
Evoke: Wand              |       |       |     8 |       ||     8
  Use: Scroll            |       |     2 |       |    10 ||    12
       Potion            |       |       |     1 |     1 ||     2
 Stab: Sleeping          |     6 |     6 |     7 |     8 ||    27
       Confused          |       |       |     3 |       ||     3
  Eat: Chunk             |     1 |     4 |       |     1 ||     6
       Bread ration      |       |     1 |     1 |     1 ||     3
       Meat ration       |       |       |     3 |     1 ||     4
